 Dungeon Crawl Stone Soup version 0.27.1-1-g398f81649c (webtiles) character file.

Game seed: 2618317393763334452

29391 Borgoz the Basher (level 13, -15/83 HPs)
             Began as a Gargoyle Berserker on Sept 20, 2021.
             Was a High Priest of Trog.
             Hit by a large rock thrown by a cyclops (28 damage)
             ... on level 13 of the Dungeon.
             The game lasted 00:19:02 (16584 turns).

Borgoz the Basher (Gargoyle Berserker)             Turns: 16584, Time: 00:19:03

Health: -15/83     AC: 30    Str: 18    XL:     13   Next: 45%
Magic:  13/13      EV: 11    Int:  9    God:    Trog [*****.]
Gold:   1147       SH:  5    Dex: 12    Spells: 12/12 levels left

rFire    . . .     SeeInvis .   h - +3 dire flail
rCold    . . .     Faith    .   (shield currently unavailable)
rNeg     + + +     Spirit   .   v - +4 chain mail of Sorcery {Harm rN++ rCorr Str-4 Stlth+}
rPois    ∞         Reflect  +   n - +0 helmet
rElec    +         Harm     +   i - +2 cloak
rCorr    +         Rampage  .   (no gloves)
Will     .....                  (no boots)
Stlth    ..........             q - amulet of reflection
HPRegen  0.23/turn              (no ring)
MPRegen  0.13/turn              (no ring)

@: no status effects
A: sickness immunity, AC +9, negative energy resistance 1, electricity
resistance, torment resistance 1, petrification resistance
a: Renounce Religion, Berserk, Trog's Hand, Brothers in Arms


You were on level 13 of the Dungeon.
You worshipped Trog.
Trog was extremely pleased with you.
You visited 2 branches of the dungeon, and saw 14 of its levels.
You also visited: Sewer.

You collected 1183 gold pieces.
You spent 36 gold pieces at shops.

Inventory:

Hand Weapons
 h - a +3 dire flail (weapon)
 r - the +6 quarterstaff of Plague {vorpal, rF+ rC+ Str+3 Stlth+}
   (You found it on level 11 of the Dungeon)

   It inflicts extra damage upon your enemies.
   Str:       It affects your strength (+3).
   rF:        It protects you from fire.
   rC:        It protects you from cold.
   Stlth:     It makes you more stealthy.
 s - the +8 rapier "Stringbean" {speed, rPois Will- Dex+5}
   (You found it on level 7 of the Dungeon)

   Attacks with this weapon are significantly faster.
   Dex:       It affects your dexterity (+5).
   rPois:     It protects you from poison.
   Will:      It decreases your willpower.
Armour
 d - a +1 buckler
 i - a +2 cloak (worn)
 n - a +0 helmet (worn)
 v - the +4 chain mail of Sorcery (worn) {Harm rN++ rCorr Str-4 Stlth+}
   (You found it on level 9 of the Dungeon)

   Str:       It affects your strength (-4).
   rN:        It greatly protects you from negative energy.
   rCorr:     It protects you from acid and corrosion.
   Harm:      It increases damage dealt and taken.
   Stlth:     It makes you more stealthy.
Jewellery
 q - an amulet of reflection (around neck)
Wands
 a - a wand of paralysis (7)
 m - a wand of acid (14)
 p - a wand of digging (20)
 x - a wand of iceblast (6)
Scrolls
 b - a scroll of blinking
 c - a scroll of fog
 l - 3 scrolls of teleportation
 o - a scroll of fear
 t - a scroll of holy word
Potions
 e - 7 potions of ambrosia
 f - 3 potions of resistance
 g - a potion of heal wounds
 j - a potion of haste
 k - 3 potions of flight
 u - 2 potions of mutation
 w - 2 potions of attraction


   Skills:
 + Level 10.7 Fighting
 * Level 13.2 Maces & Flails
 + Level 10.5 Armour
 * Level 10.4 Dodging
 - Level 4.0 Shields


You had 12 spell levels left.
You didn't know any spells.
Your spell library was empty.

Dungeon Overview and Level Annotations

Branches:
Dungeon (13/15)            Temple (1/1) D:7            Lair (0/6) D:10
    Orc (0/2) D:12         Vaults (0/5) D:13          Sewer (visited)

Altars:
Ashenzari
Cheibriados
Dithmenos
Elyvilon
Fedhas
Gozag
Hepliaklqana
Kikubaaqudgha
Makhleb
Nemelex Xobeh
Okawaru
Qazlal
Ru
Sif Muna
Trog
Uskayaw
Vehumet
Wu Jian
Xom
Yredelemnul
Zin
The Shining One

Shops:
D:6 [   D:7 ?   D:12 ?


Innate Abilities, Weirdness & Mutations

You are immune to sickness and miasma.
Your stone body is resilient. (AC +9)
You are immune to poison.
You resist negative energy. (rN+)
You are resistant to electric shocks. (rElec)
You are resistant to unholy torment.
You are immune to petrification.


Message History

The cyclops is almost dead.
You puncture the cyclops!
You kill the cyclops!
Trog accepts your kill.
Found a rapier.
Found an escape hatch in the floor.
A cyclops comes into view.
Found a stone staircase leading up.
The cyclops shouts!
You hear a shout! x3
A cyclops comes into view.
There are monsters nearby!
A cyclops and an ettin come into view.
The ettin shouts in stereo!
The cyclops shouts!
The cyclops throws a large rock.
You reflect the large rock off an invisible shield around you!
The large rock hits the cyclops!!
A cyclops comes into view.
The cyclops shouts!
You hear a shout!
A cyclops comes into view. x3
A cyclops comes into view.
You puncture the cyclops!
The cyclops is moderately wounded.
The cyclops throws a large rock.
The large rock hits you but does no damage.
You hit the cyclops.
The cyclops is moderately wounded.
You sock the cyclops!
The cyclops is heavily wounded.
You block the cyclops's attack.
You thump the cyclops!
The cyclops is almost dead.
You bludgeon the cyclops!!
You kill the cyclops!
Trog accepts your kill.
The cyclops throws a large rock.
The large rock hits you!
The ettin hits you with a +0 dire flail!! x2
* * * LOW HITPOINT WARNING * * *
You are too injured to fight recklessly!
The cyclops throws a large rock.
The large rock hits you!!
You die...

...#....#..# #.....
...'...P...# #....#
..'.......# #...##
.CCC.....## ###...##
#C....... .....##
#.C....# ###...#.
####...(..# ##...#.
#..)..C...# ##......
#.....C.@.# #..[..##
#.........########....#.#
.....^....>.....##.....##
#.........#####<###....#
#.........# ###..#
#.........#####.# #..#
#.P.............# #..##
#..........###### #....
#..........# #.###


You could see an ettin and 6 cyclopes.

Vanquished Creatures
  The ghost of Yklotitu the Markscentaur, a journeyman CeHu of Okawaru (D:12)
  A hydra (D:11)
  6 two-headed ogres
  Sonja (D:10)
  A fire crab (shapeshifter) (D:13)
  5 skeletal warriors (D:10)
  Pikel (D:5)
  The ghost of Lordstoney the Covered, a novice HOFi (D:5)
  A harpy (shapeshifter) (D:13)
  A deep elf pyromancer (D:12)
  The ghost of MeltyBlood the Skirmisher, a novice DjFE of Makhleb (D:5)
  4 slime creatures (D:9)
  An ugly thing (D:13)
  The ghost of MajorAdolf the Fighter, a novice NaWn (D:5)
  7 cyclopes
  The ghost of nuka the Shield-Bearer, a novice GrFi of Okawaru (D:5)
  Maurice (D:8)
  A cane toad (shapeshifter) (D:13)
  2 gargoyles
  2 komodo dragons
  3 freezing wraiths (D:12)
  4 kobold demonologists
  A troll (shapeshifter) (D:13)
  A queen bee (D:11)
  3 trolls
  A vampire (D:11)
  4 wraiths
  A wyvern (D:10)
  10 yaks
  A basilisk (D:10)
  3 vampire mosquitoes (D:11)
  A warg (D:12)
  An acid dragon (D:11)
  Duvessa (D:5)
  Purgy (Sewer)
  5 orc warriors
  3 sky beasts
  A black bear (D:4)
  An ice beast (D:6)
  A wolf (D:13)
  4 ogres (D:13)
  12 centaurs
  5 kobold brigands
  A wyvern zombie (D:5)
  A scorpion (D:5)
  Dowan (D:5)
  A water moccasin skeleton (D:6)
  24 killer bees (D:11)
  17 wights
  5 howler monkeys
  2 centaur zombies
  3 hounds
  2 jellies (D:4)
  8 orc priests
  A gnoll shaman (D:7)
  An iguana (D:6)
  7 orc wizards
  2 killer bee zombies
  A hound skeleton (D:4)
  5 gnolls (D:7)
  A river rat (D:5)
  8 adders
  A white imp (D:7)
  An ufetubus (D:6)
  A worm (D:2)
  3 dart slugs
  25 orcs
  4 ball pythons
  4 endoplasms
  4 giant cockroaches
  11 hobgoblins
  2 jackals (D:3)
  A quokka (D:1)
  8 bats
  A frilled lizard (D:2)
  9 goblins
  30 kobolds
  A rat (D:3)
  A spectral orc (D:10)
306 creatures vanquished.

Vanquished Creatures (others)
  A yak (D:10)
  A swamp drake (D:10)
2 creatures vanquished.

Grand Total: 308 creatures vanquished

Notes
Turn   | Place    | Note
-------+----------+-------------------------------------------
     0 | D:1      | Borgoz the Gargoyle Berserker began the quest for the Orb.
     0 | D:1      | Reached XP level 1. HP: 14/14 MP: 1/1
   431 | D:1      | Reached XP level 2. HP: 10/19 MP: 2/2
   708 | D:1      | Found a faded altar of an unknown god.
   856 | D:2      | Reached XP level 3. HP: 23/23 MP: 3/3
  1710 | D:3      | Reached skill level 1 in Shields
  1759 | D:3      | Reached XP level 4. HP: 15/29 MP: 4/4
  1909 | D:3      | Noticed a sky beast
  1919 | D:3      | Killed a sky beast
  1920 | D:3      | Reached skill level 4 in Maces & Flails
  1920 | D:3      | Reached XP level 5. HP: 33/33 MP: 5/5
  2005 | D:3      | Reached ** piety under Trog
  2318 | D:4      | You fall into a shaft and drop 2 floors!
  2368 | D:6      | Reached XP level 6. HP: 28/38 MP: 6/6
  2625 | D:5      | Entered Level 5 of the Dungeon
  2693 | D:5      | Reached skill level 5 in Maces & Flails
  2693 | D:5      | Reached XP level 7. HP: 7/44 MP: 7/7
  2937 | D:5      | Found a glowing drain.
  2952 | Sewer    | Entered a sewer
  3036 | Sewer    | Noticed Purgy
  3044 | Sewer    | Killed Purgy
  3251 | D:5      | Noticed Pikel
  3265 | D:5      | Killed Pikel
  3266 | D:5      | Reached skill level 5 in Fighting
  3266 | D:5      | Reached skill level 6 in Maces & Flails
  3266 | D:5      | Reached XP level 8. HP: 10/49 MP: 8/8
  3713 | D:4      | Reached skill level 5 in Armour
  4022 | D:4      | Found an ancient bone altar of Kikubaaqudgha.
  4044 | D:4      | Found an opulent altar of Gozag.
  4159 | D:5      | Noticed Duvessa
  4159 | D:5      | Noticed Dowan
  4173 | D:5      | Killed Duvessa
  4197 | D:5      | Killed Dowan
  4198 | D:5      | Reached skill level 7 in Maces & Flails
  4691 | D:5      | Found a runed translucent gate.
  4692 | D:5      | Found a runed translucent gate.
  4692 | D:5      | Found a runed translucent gate.
  4693 | D:5      | Noticed MeltyBlood's ghost (novice DjFE)
  4693 | D:5      | Noticed MajorAdolf's ghost (novice NaWn)
  4694 | D:5      | Noticed Lordstoney's ghost (novice HOFi)
  4694 | D:5      | Noticed nuka's ghost (novice GrFi)
  5144 | D:6      | Reached XP level 9. HP: 53/55 MP: 9/9
  5165 | D:6      | Found an iron altar of Okawaru.
  5210 | D:6      | Found Lownil's Armour Boutique.
  5356 | D:6      | Reached *** piety under Trog
  6061 | D:7      | Reached skill level 8 in Maces & Flails
  6149 | D:7      | Found a sacrificial altar of Ru.
  6233 | D:7      | Identified the +8 rapier "Stringbean" {speed, rPois Will-
                  | Dex+5}
  6289 | D:7      | Found Hurosh's Magic Scroll Shop.
  6305 | D:7      | Found a staircase to the Ecumenical Temple.
  6990 | D:7      | Reached **** piety under Trog
  7258 | Temple   | Entered the Ecumenical Temple
  7452 | D:8      | Reached skill level 5 in Dodging
  7775 | D:8      | Noticed Maurice
  7815 | D:8      | Killed Maurice
  7816 | D:8      | Reached XP level 10. HP: 38/63 MP: 10/10
  8036 | D:8      | Reached skill level 9 in Maces & Flails
  8297 | D:8      | Found a shimmering blue altar of Sif Muna.
  8482 | D:9      | Identified the +4 chain mail of Sorcery {Harm rN++ rCorr
                  | Str-4 Stlth+}
  8554 | D:9      | Noticed a two-headed ogre
  8567 | D:9      | Killed a two-headed ogre
  8997 | D:9      | Found a hide-covered altar of Uskayaw.
  9105 | D:9      | Found a stormy altar of Qazlal.
  9180 | D:10     | Entered Level 10 of the Dungeon
  9270 | D:10     | Found a basalt altar of Yredelemnul.
  9329 | D:10     | Found a burning altar of Makhleb.
  9593 | D:10     | Noticed Sonja
  9609 | D:10     | Reached skill level 10 in Maces & Flails
  9625 | D:10     | Killed Sonja
  9626 | D:10     | Reached XP level 11. HP: 49/68 MP: 11/11
  9998 | D:10     | Noticed a skeletal warrior
  9998 | D:10     | Noticed a skeletal warrior
  9998 | D:10     | Noticed a skeletal warrior
  9999 | D:10     | Noticed a skeletal warrior
  9999 | D:10     | Noticed a skeletal warrior
 10430 | D:10     | Noticed a two-headed ogre
 10454 | D:10     | Killed a skeletal warrior
 10458 | D:10     | Killed a two-headed ogre
 10496 | D:10     | Killed a skeletal warrior
 10526 | D:10     | Killed a skeletal warrior
 10546 | D:10     | Killed a skeletal warrior
 10547 | D:10     | Reached skill level 11 in Maces & Flails
 10572 | D:10     | Killed a skeletal warrior
 10703 | D:10     | Found a staircase to the Lair.
 10919 | D:11     | Noticed a cyclops
 10924 | D:11     | Killed a cyclops
 10952 | D:11     | Noticed a two-headed ogre
 10967 | D:11     | Killed a two-headed ogre
 11187 | D:11     | Reached XP level 12. HP: 76/76 MP: 12/12
 12063 | D:11     | Identified the +6 quarterstaff of Plague {vorpal, rF+ rC+
                  | Str+3 Stlth+}
 12098 | D:11     | Noticed a six-headed hydra
 12106 | D:11     | Killed a six-headed hydra
 12316 | D:11     | Reached skill level 12 in Maces & Flails
 12318 | D:11     | Reached ***** piety under Trog
 12933 | D:5      | Killed MeltyBlood's ghost
 12942 | D:5      | Killed nuka's ghost
 12950 | D:5      | Killed Lordstoney's ghost
 12962 | D:5      | Killed MajorAdolf's ghost
 13259 | D:7      | Bought a scroll of teleportation for 36 gold pieces
 13391 | D:12     | Found Vososes's Magic Scroll Shop.
 13567 | D:12     | Reached skill level 10 in Fighting
 13834 | D:12     | Found a staircase to the Orcish Mines.
 13926 | D:12     | Noticed a two-headed ogre
 13928 | D:12     | Noticed a two-headed ogre
 13937 | D:12     | Killed a two-headed ogre
 13942 | D:12     | Killed a two-headed ogre
 13943 | D:12     | Reached skill level 10 in Armour
 14486 | D:12     | Found a runed translucent gate.
 14486 | D:12     | Found a runed translucent gate.
 14486 | D:12     | Found a runed translucent gate.
 14487 | D:12     | Noticed Yklotitu's ghost (journeyman CeHu)
 14502 | D:12     | Reached XP level 13. HP: 82/82 MP: 13/13
 14829 | D:12     | Reached skill level 10 in Dodging
 14844 | D:12     | Killed Yklotitu's ghost
 15380 | D:13     | Reached skill level 13 in Maces & Flails
 15942 | D:13     | Found a gate to the Vaults.
 16576 | D:13     | Noticed an ettin
 16584 | D:13     | Hit by a large rock thrown by a cyclops

Illustrated notes

Levels and vault maps discovered:
D:1:      tarquinn_simple_flora_water_c, layout_loops_ring,
          hellmonk_ecumenical_altar_heavens_door, minivault_23, minmay_distorted
D:2:      layout_rooms
D:3:      layout_loops_ring
D:4:      layout_cave_pools, mainiacjoe_overflow_large_starburst,
          kennysheep_doodads, kennysheep_generic_room_6
D:5:      layout_basic, gammafunk_ghost_cemetery, portal_sewer_entry_a,
          roderic_roman_lattice, uniq_pikel, uniq_duvessa
D:6:      layout_loops_cross, mainiacjoe_overflow_alcove_4, serial_shops,
          kennysheep_mini_moat
D:7:      layout_basic, nicolae_ru_sacrificial_ziggurat,
          minmay_temple_entry_overgrown, serial_shops, shop
D:8:      layout_basic, nicolae_sif_muna_little_library, uniq_maurice
D:9:      layout_big_octagon, nicolae_qazlal_eye_of_the_storm,
          mainiacjoe_overflow_boulevard
D:10:     layout_basic, yredelemnul_forgotten_temple_becter,
          mainiacjoe_overflow_catwalk, erik_lair_dragon,
          grunt_decor_mini_mirrors, uniq_sonja
D:11:     layout_roguey [special_room_bee]
D:12:     layout_long_grid, erik_orc_3, serial_shops, shop,
          gammafunk_ghost_spectres, serial_glass, glass_columns_b,
          glass_columns_a, glass_columns_a, glass_columns_b, glass_columns_b,
          glass_columns_b, glass_columns_b, glass_columns_a, glass_columns_b,
          glass_columns_a, glass_columns_a, glass_columns_a, glass_columns_b,
          glass_columns_b
D:13:     giant_chief_lemuel, layout_loops_ring, david_vaults_2,
          hangedman_decor_push
Temple:   dshaligram_water_room_temple

Skill      XL: |  1  2  3  4  5  6  7  8  9 10 11 12 13 |
---------------+----------------------------------------+-----
Dodging        | 2 3 4 5 7 8 9 10 | 10.4
Shields        | 1 2 3 4 |  4.0
Fighting       | 4 5 6 7 8 9 10 | 10.7
Maces & Flails | 4 5 6 7 8 10 11 12 13 | 13.2
Armour         | 3 4 5 6 7 9 10 | 10.5

Action                   |  1- 3 |  4- 6 |  7- 9 | 10-12 | 13-15 || total
-------------------------+-------+-------+-------+-------+-------++-------
Melee: Mace              |   104 |    99 |    44 |       |       ||   247
       Flail             |       |       |   181 |       |       ||   181
       Dire flail        |       |       |   172 |   662 |   164 ||   998
Invok: Berserk           |       |     3 |    10 |    15 |     2 ||    30
       Trog's Hand       |       |       |     2 |     6 |     1 ||     9
  Use: Scroll            |       |     9 |     7 |     6 |     1 ||    23
       Potion            |       |       |     1 |     9 |       ||    10
 Stab: Confused          |       |       |       |     4 |       ||     4
       Invisible         |       |       |       |     4 |       ||     4
Armor: Animal skin       |    22 |       |       |       |       ||    22
       Ring mail         |    35 |    55 |   205 |    21 |       ||   316
       Chain mail        |       |       |       |   327 |   106 ||   433
Dodge: Dodged            |    76 |    62 |   184 |   275 |    76 ||   673
Block: Buckler           |    15 |    24 |    89 |       |       ||   128
       Reflection        |       |       |    11 |    10 |     1 ||    22
       Other             |       |       |    38 |   132 |    32 ||   202
